 Dungeon Crawl Stone Soup version 0.31-a0-234-gad7ace16ef (webtiles) character file.

Game seed: 5923116779198398498

46 qw the Shooter (level 3, -1/21 HPs)
             Began as a Gargoyle Hexslinger on July 9, 2023.
             Slain by a goblin
             ... wielding a +0 dagger
             ... led by Robin
              (5 damage)
             ... on level 2 of the Dungeon.
             The game lasted 00:00:23 (1214 turns).

qw the Shooter (Gargoyle Hexslinger)                Turns: 1214, Time: 00:00:24

Health: -1/21      AC:  8    Str: 11    XL:     3   Next: 66%
Magic:  4/4        EV: 10    Int: 13    God:
Gold:   65         SH:  0    Dex: 14    Spells: 3/4 levels left

rFire   . . .        Y - +1 sling
rCold   . . .        (no shield)
rNeg    + . .        g - +0 ring mail
rPois   inf          (no helmet)
rElec   +            (no cloak)
rCorr   .            (no gloves)
SInv    .            (no boots)
Will    .....        (no amulet)
Stlth   +            (no ring)
HPRegen 0.23/turn    (no ring)
MPRegen 0.09/turn

%: no passive effects
@: no status effects
A: sickness immunity, AC +3, negative energy resistance 1, electricity
resistance, torment resistance 1, petrification resistance
a: no special abilities


You were on level 2 of the Dungeon.
You visited 1 branch of the dungeon, and saw 2 of its levels.

You collected 65 gold pieces.


Innate Abilities, Weirdness & Mutations

You are immune to sickness and miasma.
Your stone body is resilient. (AC +3)
You are immune to poison.
You resist negative energy. (rN+)
You are resistant to electric shocks. (rElec)
You are resistant to unholy torment.
You are immune to petrification.


   Skills:
 - Level 2.0 Fighting
 + Level 3.5 Ranged Weapons
 - Level 1.5 Dodging
 - Level 1.0 Spellcasting
 - Level 2.6 Hexes


You had 3 spell levels left.
You knew the following spells:

 Your Spells              Type           Power      Damage    Failure   Level
a - Slow                  Hex            28%        N/A       22%         1

Your spell library contained the following spells:

 Spells                   Type           Power      Damage    Failure   Level
 Inner Flame              Hex/Fire       4%         N/A       75%         3
 Portal Projectile        Hex/Tloc       8%         N/A       75%         3
 Cause Fear               Hex            3%         N/A       92%         4

Inventory:

Hand Weapons
 Y - a +1 sling (weapon)
Armour
 g - a +0 ring mail (worn)
Scrolls
 b - a scroll of summoning {unknown}
Potions
 a - 2 potions of curing {unknown}
 e - a potion of degeneration {unknown}
 f - a potion of berserk rage {unknown}
 h - a potion of lignification {unknown}

Dungeon Overview and Level Annotations

Branches:
Dungeon (2/15)

Altars:
Elyvilon


Message History

Robin throws the goblin at you!
A goblin comes into view. It is wielding a +0 dagger.
The hobgoblin hits you. The goblin hits you with a +0 dagger.
Robin throws the goblin at you!
You shoot a sling bullet. The sling bullet hits Robin.
Robin is heavily wounded.
Robin hits you but does no damage. The goblin barely misses you.
The hobgoblin hits you. The goblin hits you but does no damage.
You shoot a sling bullet.
The sling bullet hits Robin but does no damage.
Robin is heavily wounded.
Robin hits you with a +0 dagger. The hobgoblin closely misses you.
The goblin misses you. The goblin closely misses you.
You shoot a sling bullet. The sling bullet closely misses Robin.
The sling bullet hits the goblin.
The goblin is severely wounded.
The goblin closely misses you.
The hobgoblin hits you but does no damage.
Robin hits you but does no damage.
The goblin hits you but does no damage. x2
The goblin closely misses you.
Robin roars a battlecry!
The goblin goes into a battle-frenzy!
The hobgoblin hits you but does no damage.
You shoot a sling bullet. The sling bullet hits Robin.
Robin is severely wounded.
The goblin hits you with a +0 dagger. The hobgoblin hits you.
The goblin barely misses you. Robin closely misses you.
You shoot a sling bullet. The sling bullet hits Robin.
Robin is almost dead.
The hobgoblin no longer looks unusually strong.
Robin throws the goblin at you!
The hobgoblin hits you but does no damage.
The goblin hits you with a +0 dagger.
The goblin hits you but does no damage. x2
You shoot a sling bullet. The sling bullet hits Robin.
You kill Robin!
The goblin hits you but does no damage.
The hobgoblin hits you but does no damage.
The goblin barely misses you. The goblin hits you but does no damage.
The goblin hits you with a +0 dagger.
You die...

.$. ... #.# ... #.# #.# #.# ##
... #.# #.. #)# #.# #.# ##)##
#.# #.# ##)@g## #.# #.#
##.ggg.## ###.### ##.##
##.......# ##.#...#
##...####.........####......##
#.......'.........+...........
##...####.........####...#####
##.## ##.......## ##)##
###.### ##.....## #.# #.....#
##)..## #.#


You could see a hobgoblin and 3 goblins.

Vanquished Creatures
  Robin (D:2)
  2 dart slugs
  5 endoplasms
  A giant cockroach (D:1)
  5 goblins
  4 hobgoblins
  6 kobolds (D:1)
  A quokka (D:1)
  5 ball pythons (D:1)
  4 bats
  3 rats
37 creatures vanquished.

Notes
Turn   | Place    | Note
-------+----------+-------------------------------------------
     0 | D:1      | qw the Gargoyle Hexslinger began the quest for the Orb.
     0 | D:1      | Reached XP level 1. HP: 12/12 MP: 2/2
     0 | D:1      | 0 ||| qw: Version: 0.3-a-51-g015441d
     0 | D:1      | 0 ||| qw: Game counter: 4134
     0 | D:1      | 0 ||| qw: Melee chars always use a shield: true
     0 | D:1      | 0 ||| qw: God list: Okawaru
     0 | D:1      | 0 ||| qw: Allow faded altars: false
     0 | D:1      | 0 ||| qw: Do Orc after clearing Dungeon:15 true
     0 | D:1      | 0 ||| qw: Do second Lair branch before Depths: true
     0 | D:1      | 0 ||| qw: Lair rune preference: random
     0 | D:1      | 0 ||| qw: Goals: Normal
     0 | D:1      | 0 ||| PLANNING D:1-11
   237 | D:1      | Reached XP level 2. HP: 16/16 MP: 3/3
   260 | D:1      | Reached skill level 3 in Ranged Weapons
   743 | D:1      | Reached XP level 3. HP: 21/21 MP: 4/4
   901 | D:1      | 901 ||| UPGRADING to +0 ring mail.
   911 | D:1      | 911 ||| DROPPING +0 robe.
   912 | D:1      | 912 ||| READING scroll labelled WEIMOM MUPO.
   913 | D:1      | 913 ||| DROPPING scroll of poison.
  1033 | D:2      | Found a white marble altar of Elyvilon.
  1201 | D:2      | Noticed Robin
  1213 | D:2      | HP: 5/21 [Robin/goblin (3)]
  1214 | D:2      | Killed Robin
  1214 | D:2      | Slain by a goblin

Levels and vault maps discovered:
D:1:      evilmike_arrival_rings, layout_loops_corners, minmay_box_of_dots
D:2:      layout_loops_corners, basic_altar, uniq_terence, uniq_robin

Skill      XL: |  1  2  3 |
---------------+----------+-----
Ranged Weapons | 3 |  3.5
Fighting       | 2 |  2.0
Dodging        | |  1.5
Spellcasting   | |  1.0
Hexes          | |  2.6

Action                     || total
---------------------------++-------
   Fire: Sling             ||    90
    Use: Scroll            ||     1
 Armour: Robe              ||     6
         Ring mail         ||    22
  Dodge: Dodged            ||    42

Table legend:
 A = Non-vault XP
 B = Vault XP
 C = Vault XP percentage of total XP
 D = Non-vault monster count
 E = Vault monster count
 F = Vault count percentage of total count
                 A         B        C        D         E       F
            +---------+---------+-------+---------+---------+-------
      Total |      47 |      35 |  42.7 |      26 |      11 |  29.7
            +---------+---------+-------+---------+---------+-------
        D:1 |      34 |      10 |  22.7 |      20 |       5 |  20.0
        D:2 |      13 |      25 |  65.8 |       6 |       6 |  50.0
            +---------+---------+-------+---------+---------+-------
